 Dungeon Crawl Stone Soup version 0.29.0-11-gd7f09526c8 (webtiles) character file.

Game seed: 15150080600148735502

6711 sanka the Trooper (level 10, -4/86 HPs)
             Began as a Demigod Delver on Sept 2, 2022.
             Slain by a troll (6 damage)
             ... on level 9 of the Dungeon.
             The game lasted 00:27:22 (13086 turns).

sanka the Trooper (Demigod Delver)                 Turns: 13086, Time: 00:27:22

Health: -4/86      AC: 10    Str: 13    XL:     10   Next: 46%
Magic:  26/26      EV: 15    Int: 26    God:
Gold:   131        SH:  0    Dex: 15    Spells: 7/15 levels left

rFire   + . .      SeeInvis .   a - +0 scimitar
rCold   . . .      Faith    .   (no shield)
rNeg    . . .      Spirit   .   M - +0 steam dragon scales
rPois   .          Reflect  .   x - +2 helmet
rElec   +          Harm     .   (no cloak)
rCorr   .          Rampage  .   w - +1 pair of gloves "Soagysywe" {rElec Int+2}
Will    +....                   (no boots)
Stlth   +++.......              (no amulet)
HPRegen 0.24/turn               b - ring of protection from fire
MPRegen 0.20/turn               m - ring of magical power

@: hasted, very quick
A: high MP 1, forlorn, divine attributes
a: no special abilities


You were on level 9 of the Dungeon.
You visited 1 branch of the dungeon, and saw 10 of its levels.

You collected 590 gold pieces.
You spent 459 gold pieces at shops.


Innate Abilities, Weirdness & Mutations

You have an increased reservoir of magic. (+10% MP)
You shall have no god before yourself.
Your divine heritage dramatically boosts your attributes as you level up.


   Skills:
 + Level 7.5 Fighting
 - Level 1.7 Long Blades
 + Level 7.2 Dodging
 - Level 4.5 Stealth
 - Level 3.0 Spellcasting
 - Level 7.0 Conjurations
 - Level 4.0 Summonings
 - Level 7.0 Earth Magic


You had 7 spell levels left.
You knew the following spells:

 Your Spells              Type           Power      Damage    Failure   Level
c - Stone Arrow           Conj/Erth      80%        3d12      1%          3
x - Call Imp              Summ           24%        N/A       2%          2
z - Magic Dart            Conj           100%       1d8       1%          1
N - Passwall              Tmut/Erth      18%        N/A       3%          2

Your spell library contained the following spells:

 Spells                   Type           Power      Damage    Failure   Level
 Sandblast                Erth           80%        2d17      1%          1
 Summon Small Mammal      Summ           96%        N/A       1%          1
 Call Canine Familiar     Summ           24%        N/A       5%          3
 Mephitic Cloud           Conj/Pois/Air  16%        N/A       11%         3
 Summon Guardian Golem    Hex/Summ       14%        N/A       12%         3

Inventory:

Hand Weapons
 a - a +0 scimitar (weapon)
 t - a +1 morningstar of flaming
 z - a +0 long sword
 E - a +2 whip of electrocution
Armour
 e - the +6 chain mail of Unudem {rF+ Dex+4 Slay-2}

   Dex:       It affects your dexterity (+4).
   Slay:      It affects your accuracy & damage with ranged weapons and melee
   (-2).
   rF:        It protects you from fire.
 w - the +1 pair of gloves "Soagysywe" (worn) {rElec Int+2}

   Int:       It affects your intelligence (+2).
   rElec:     It insulates you from electricity.
 x - a +2 helmet (worn)
 A - the +1 robe of Ozuuceof {rN+ Regen+ rCorr Stlth-} rN: It protects you from negative energy. Regen: It increases your rate of health regeneration. rCorr: It protects you from acid and corrosion. Stlth: It makes you less stealthy.
 M - +0 steam dragon scales (worn)
Jewellery
 b - a ring of protection from fire (left hand)
 m - a ring of magical power (right hand)
Wands
 g - a wand of digging (8)
 u - a wand of mindburst (10)
 y - a wand of roots (19)
 L - a wand of acid (6)
Scrolls
 c - a scroll of fog
 d - 4 scrolls of magic mapping
 j - 2 scrolls of butterflies
 l - 2 scrolls of immolation {!r}
 o - 2 scrolls of enchant weapon
 q - 5 scrolls of teleportation {@r4}
 s - 4 scrolls of amnesia
 D - a scroll of poison {unknown}
 I - 3 scrolls of noise {!r}
 J - a scroll of silence {unknown}
Potions
 f - a potion of haste {@q3}
 i - 2 potions of curing {unknown}
 k - 2 potions of mutation {unknown}
 n - 2 potions of cancellation {unknown}
 r - 2 potions of attraction {unknown}
 v - 3 potions of heal wounds {unknown}
 B - a potion of flight {unknown}
 C - 3 potions of degeneration {unknown}
 F - a potion of resistance {unknown}
 G - a potion of lignification {unknown}
 H - a potion of berserk rage {unknown}
 K - a potion of ambrosia {unknown}

Dungeon Overview and Level Annotations

Branches:
Dungeon (10/15)            Temple (0/1) D:5            Lair (0/5) D:9
    Orc: D:9-12

Shops:
D:5 [

Portals:
Trove: D:10 (give 2 scrolls of acquirement)

▒.▒ ▒.........▒ ▒ ▒.▒
▒.........▒ ▒ ▒.▒
▒.........▒ ▒ ▒.▒
▒.........▒ ▒ ▒.▒
▒.........▒ ▒ ▒.▒
▒.........▒ ▒ ▒.▒
▒.........▒ ▒ ▒.▒
▒o........▒ ▒ ▒.▒
▒pT.......▒ ▒ ▒.▒
▒.........▒ ▒ ▒.▒
▒.........▒ ▒
▒.▒▒▒▒......(..▒ ▒
▒..............▒▒▒▒▒▒▒▒
▒......................
▒.▒▒▒..........▒▒▒▒▒▒▒▒
▒.▒ ▒..........▒ ▒ ▒.▒
▒..........▒ ▒


You could see a troll and an orc warrior.


Message History

There is a stone staircase leading up here.
Unknown command.
Okay, then.
Unknown command.
Okay, then.
Unknown command.
The yak bellows!
You hear a bellow!
The orc warrior hits you with a +0 scimitar!
* * * LOW HITPOINT WARNING * * *
The troll bites you!
* * * LOW HITPOINT WARNING * * *
The troll claws you!
* * * LOW HITPOINT WARNING * * *
The troll claws you!
* * * LOW HITPOINT WARNING * * *
The howler monkey hoots and howls with incredible vigour!
You hear a shout!
You hear a shout!
You climb upwards.
Reactivating autopickup.
There is a stone staircase leading down here.
Unknown command.
Unknown command.
Unknown command.
Okay, then.
You feel yourself speed up. The troll bites you but does no damage.
The troll claws you.
You die...

Action                   |  1- 3 |  4- 6 |  7- 9 | 10-12 || total
-------------------------+-------+-------+-------+-------++-------
Melee: Falchion          |    80 |    31 |       |       ||   111
       Punch             |     1 |     1 |       |       ||     2
       Long sword        |       |    85 |       |       ||    85
       Morningstar       |       |    18 |       |       ||    18
       Scimitar          |       |       |    33 |    17 ||    50
 Cast: Magic Dart        |    35 |    48 |    26 |     1 ||   110
       Call Imp          |     5 |    30 |    16 |     4 ||    55
       Stone Arrow       |       |     6 |   178 |    29 ||   213
Evoke: Wand              |       |       |     1 |     2 ||     3
  Use: Scroll            |       |       |     1 |     9 ||    10
       Potion            |       |       |       |     1 ||     1
 Stab: Sleeping          |     9 |     3 |       |       ||    12
       Distracted        |       |     1 |       |       ||     1
Armor: Leather armour    |    25 |    33 |       |       ||    58
       Robe              |       |       |    35 |       ||    35
       Steam dragon scal |       |       |       |    11 ||    11
Dodge: Dodged            |    56 |    81 |    88 |    21 ||   246

Levels and vault maps discovered:
D:1:      minmay_arrival_four_circles, layout_loops_ring
D:2:      layout_loops_ring, basic_altar, st_stairs_7, minmay_tiny_reverse_x
D:3:      layout_loops_ring, good_gods_mini_temple,
          nicolae_sif_muna_condensation,
          dreamdust_ecumenical_altar_drowned_temple, minmay_goblin_outpost
D:4:      layout_rooms, nicolae_wu_jian_wuxing_cycle, minmay_misc_feat_cross,
          uniq_ijyb
D:5:      layout_gridville, minmay_temple_entry_offerings, serial_shops, shop,
          grunt_decor_clamped
D:6:      layout_basic, overflow_temple_1_default
D:7:      layout_cave_pools, nicolae_yredelemnul_corpse_copse
D:8:      layout_basic
D:9:      layout_long_grid, grunt_dithmenos_shadows,
          grunt_lair_entry_orc_guard_hut, nicolae_lava_and_water,
          kennysheep_diamond
D:10:     layout_loops_ring, mainiacjoe_overflow_alcove_1, enter_trove_0,
          hellmonk_bongcloud_opening, st_stairs_10, uniq_josephine

Notes
Turn   | Place    | Note
-------+----------+-------------------------------------------
     0 | D:5      | sanka the Demigod Delver began the quest for the Orb.
     0 | D:5      | Reached XP level 1. HP: 18/18 MP: 3/3
    88 | D:5      | Found Ilachus's Antique Armour Shop.
   171 | D:5      | Found a staircase to the Ecumenical Temple.
   181 | D:5      | Noticed a hound
   308 | D:4      | Noticed Ijyb
   632 | D:2      | Reached skill level 1 in Spellcasting
   646 | D:2      | Learned a level 1 spell: Magic Dart
   665 | D:2      | Reached XP level 2. HP: 21/25 MP: 6/6
   718 | D:2      | Learned a level 2 spell: Call Imp
  1134 | D:1      | Reached skill level 1 in Summonings
  1391 | D:1      | Reached XP level 3. HP: 30/30 MP: 8/8
  1444 | D:1      | Reached skill level 2 in Spellcasting
  1835 | D:2      | Reached skill level 2 in Summonings
  2487 | D:2      | Reached XP level 4. HP: 28/37 MP: 9/9
  3066 | D:2      | Reached skill level 3 in Summonings
  3868 | D:3      | Reached XP level 5. HP: 39/42 MP: 10/10
  3870 | D:3      | Reached skill level 4 in Summonings
  3870 | D:3      | Reached skill level 2 in Dodging
  3897 | D:3      | Reached skill level 3 in Fighting
  4361 | D:3      | Learned a level 3 spell: Stone Arrow
  4364 | D:3      | Learned a level 2 spell: Passwall
  4834 | D:4      | Killed Ijyb
  4903 | D:4      | Identified the +1 pair of gloves "Soagysywe" {rElec Int+2}
  4948 | D:4      | Reached skill level 1 in Conjurations
  4948 | D:4      | Reached skill level 1 in Earth Magic
  4948 | D:4      | Reached XP level 6. HP: 27/51 MP: 12/12
  5713 | D:5      | Reached skill level 2 in Conjurations
  5713 | D:5      | Reached skill level 2 in Earth Magic
  5784 | D:5      | Reached skill level 3 in Spellcasting
  5946 | D:5      | Noticed a water moccasin
  5956 | D:5      | Killed a water moccasin
  5957 | D:5      | Reached XP level 7. HP: 42/57 MP: 9/14
  6158 | D:5      | Bought an ancient robe for 108 gold pieces
  6158 | D:5      | Identified the +1 robe of Ozuuceof {rN+ Regen+ rCorr
                  | Stlth-} (You bought it in a shop on level 5 of the Dungeon)
  6304 | D:5      | Reached skill level 3 in Conjurations
  6304 | D:5      | Reached skill level 3 in Earth Magic
  6819 | D:5      | Bought a polished ring mail for 171 gold pieces
  6819 | D:5      | Identified the +0 ring mail "Rarph" {rC++} (You bought it
                  | in a shop on level 5 of the Dungeon)
  6983 | D:6      | Reached skill level 4 in Conjurations
  6983 | D:6      | Reached skill level 4 in Earth Magic
  7211 | D:6      | Reached XP level 8. HP: 63/63 MP: 13/15
  7929 | D:7      | Reached skill level 5 in Conjurations
  7929 | D:7      | Reached skill level 5 in Earth Magic
  8706 | D:7      | Reached skill level 6 in Conjurations
  8706 | D:7      | Reached skill level 6 in Earth Magic
  9197 | D:7      | Reached skill level 3 in Dodging
  9211 | D:7      | Reached XP level 9. HP: 66/71 MP: 6/16
  9710 | D:8      | Reached skill level 4 in Fighting
 10236 | D:8      | Reached skill level 4 in Dodging
 10632 | D:5      | Bought a fading chain mail for 180 gold pieces
 10632 | D:5      | Identified the +6 chain mail of Unudem {rF+ Dex+4 Slay-2}
                  | (You bought it in a shop on level 5 of the Dungeon)
 10768 | D:9      | Reached skill level 7 in Conjurations
 10768 | D:9      | Reached skill level 7 in Earth Magic
 10804 | D:9      | Noticed a kobold demonologist
 10811 | D:9      | Killed a kobold demonologist
 10812 | D:9      | Reached skill level 5 in Fighting
 11223 | D:9      | Reached skill level 5 in Dodging
 11813 | D:9      | Identified +0 steam dragon scales
 11814 | D:9      | Reached skill level 6 in Fighting
 11816 | D:9      | Noticed a two-headed ogre
 11818 | D:9      | Noticed a manticore
 11819 | D:9      | Reached XP level 10. HP: 83/83 MP: 8/17
 12045 | D:9      | Killed a manticore
 12046 | D:9      | Reached skill level 6 in Dodging
 12072 | D:9      | Killed a two-headed ogre
 12181 | D:9      | Found a staircase to the Lair.
 12495 | D:9      | Reached skill level 7 in Fighting
 12615 | D:10     | Entered Level 10 of the Dungeon
 12715 | D:10     | Noticed Josephine
 12795 | D:10     | Reached skill level 7 in Dodging
 13014 | D:10     | Found a portal to a secret trove of treasure.
 13084 | D:10     | HP: 2/86 [troll (7)]
 13086 | D:9      | Slain by a troll

Vanquished Creatures
  A two-headed ogre (D:9)
  A manticore (D:9)
  A kobold demonologist (D:9)
  A hornet (D:9)
  A shadow (D:9)
  5 wraiths
  4 wyverns
  2 steam dragons
  2 sky beasts
  2 orc warriors
  A black bear (D:6)
  2 ogres
  3 centaurs
  A kobold brigand (D:7)
  A phantom (D:7)
  6 bullfrogs
  A gnoll sergeant (D:9)
  A wyvern zombie (D:7)
  A necrophage (D:5)
  2 scorpions
  6 killer bees (D:8)
  5 howler monkeys
  2 lava snakes (D:9)
  3 centaur zombies (D:7)
  3 hounds
  4 orc priests (D:7)
  A jelly (D:6)
  2 iguanas
  5 orc wizards
  3 killer bee zombies (D:7)
  A howler monkey zombie (D:7)
  3 gnolls (D:9)
  7 adders
  A shadow imp (D:6)
  2 white imps (D:5)
  An ufetubus (D:4)
  4 worms
  4 dart slugs
  29 orcs
  8 ball pythons
  11 bats
  9 endoplasms
  4 giant cockroaches
  10 goblins
  5 hobgoblins
  A quokka (D:4)
  5 frilled lizards
  13 kobolds
  11 rats
  A spectral kobold (D:3)
203 creatures vanquished.

Vanquished Creatures (collateral kills)
  2 water moccasins
  A phantom (D:5)
  A kobold brigand (D:7)
  A scorpion (D:4)
  A hound (D:5)
  An orc priest (D:3)
  Ijyb (D:4)
  4 adders
  A worm (D:4)
  3 orcs
  2 ball pythons
  3 kobolds (D:7)
  A goblin (D:4)
22 creatures vanquished.

Vanquished Creatures (others)
  11 fungi (D:9)
  12 plants (D:9)
23 creatures vanquished.

Grand Total: 248 creatures vanquished
